 Dungeon Sprint DCSS version 0.18-a0-1788-g92de1ac (webtiles) character file.

52855 Kidiri the Peltast (level 14, -10/92 HPs)
             Began as a Gargoyle Fighter on Apr 19, 2016.
             Was a High Priest of Okawaru.
             Killed from afar by a fire giant (20 damage)
             ... with a bolt of fire
             ... in the Dungeon (Sprint IX: "|||||||||||||||||||||||||||||").
             The game lasted 02:18:51 (4500 turns).

Kidiri the Peltast (Gargoyle Fighter)               Turns: 4500, Time: 02:18:52

Health: -10/92     AC: 42    Str: 25    XL:     14   Next: 65%
Magic:  25/25      EV: 17    Int: 10    God:    Okawaru [*****.]
Gold:   1921       SH: 25    Dex: 11    Spells: 0 memorised, 13 levels left

rFire  + . .     SeeInvis +     j - +4 flail (freeze)
rCold  . . .     Gourm    .     R - +2 plate armour {MR+}
rNeg   + . .     Faith    .     P - +1 large shield
rPois  ∞         Spirit   .     O - +2 helmet {SInv}
rElec  +         Dismiss  .     L - +1 cloak
rCorr  .         Reflect  .     D - +1 pair of gloves
SustAt .         Harm     .     (no boots)
MR     ++...     Rnd*Rage +     (no amulet)
Stlth  .......... NoTele   +    K - ring of protection from fire
                                r - +3 ring of dexterity

@: heroism, finesse, very slightly contaminated, very resistant to hostile
enchantments, extremely unstealthy
A: big wings, repulsion field 1, see invisible, berserk 1, frail 1, high mp 1,
negative energy resistance 1, electricity resistance, unbreathing, petrification
resistance, rot immunity, AC +9
a: Fly, Heroism, Finesse, Renounce Religion


You were in the Dungeon.
You worshipped Okawaru.
Okawaru was extremely pleased with you.
You were not hungry.

You visited 1 branch You collected 1921 gold pieces.

Inventory:

Hand Weapons
 a - a +2 morningstar of crushing
 j - a +4 flail of freezing (weapon)
Missiles
 b - 5 curare-tipped needles
 e - 6 needles of confusion
 t - 5 tomahawks of returning
 u - 3 silver javelins
 A - 7 tomahawks of dispersal
 C - a poisoned tomahawk
 E - 7 javelins of returning
 H - 11 tomahawks (quivered)
Armour
 D - a +1 pair of gloves (worn)
 L - a +1 cloak (worn)
 O - a +2 helmet of see invisible (worn)
 P - a +1 large shield (worn)
 R - a +2 plate armour of magic resistance (worn)
Jewellery
 r - a +3 ring of dexterity (left hand)
 s - a +2 ring of protection
 K - a ring of protection from fire (right hand)
Wands
 p - a wand of acid (6/15)
Scrolls
 k - 4 scrolls of blinking
 n - 3 scrolls of remove curse
 o - 2 scrolls of amnesia
 q - a scroll of enchant armour
 y - a scroll of fear
 z - 3 scrolls of identify
Potions
 c - 2 potions of agility
 d - a potion of might
 h - 3 potions of haste
 i - 4 potions of magic
 m - 3 potions of curing
 v - a potion of resistance
 w - 3 potions of cure mutation
 G - a potion of flight {unknown}
Miscellaneous
 x - a plain deck of changes {drawn: 7}
Comestibles
 f - 13 bread rations
 l - 28 fruits
 B - 12 meat rations


   Skills:
 * Level 17.9(22.9) Fighting
 * Level 16.2(21.2) Maces & Flails
 + Level 11.2(16.2) Throwing
 * Level 17.8(22.8) Armour
 * Level 14.1(19.1) Dodging
 * Level 17.9(22.9) Shields
 - Level 12.0 Invocations


You had 13 spell levels left.
You didn't know any spells.

Dungeon Overview and Level Annotations

Branches:
Dungeon (1/1)

Altars:
Cheibriados
Dithmenos
Elyvilon
Fedhas
Gozag
Kikubaaqudgha
Makhleb
Nemelex Xobeh
Okawaru
Pakellas
Qazlal
Ru
Sif Muna
Trog
Vehumet
Xom
Yredelemnul
Zin
The Shining One
Beogh
Jiyva
Lugonu

Shops:
D !%!%


Innate Abilities, Weirdness & Mutations

You are resistant to torment.
Your stone body is resilient (AC +9).
You are immune to poison.
Your large and strong wings let you fly indefinitely.
You resist negative energy.
You are resistant to electric shocks.
You can survive without breathing.
You are immune to petrification.
You are immune to rotting.
You are surrounded by a mild repulsion field (EV +2).
You have supernaturally acute eyesight.
You tend to lose your temper in combat.
You are frail (-10% HP).
You have an increased reservoir of magic (+10% MP).


Message History

Okay, then.
Unknown command.
Drink which item? (? for menu, Esc to quit)
Okay, then.
Unknown command.
Unknown command.
Put on which piece of jewellery? (? for menu, Esc to quit)
You're wearing all the rings you can.
Remove which one? (? for menu, Esc to cancel) < or
r - a +3 ring of dexterity; > or
s - a +2 ring of protection You remove your +2 ring of protection.
K - a ring of protection from fire (right hand) Unknown command.
Read which item? (? for menu, Esc to quit)
Enchant which item? (? for menu, Esc to quit)
As you read the scroll of enchant armour, it crumbles to dust.
Your +0 pair of gloves glows green for a moment.
The fire giant points at you and mumbles some strange words.
The bolt of fire hits you! You resist.
You die...

▓▓▓▓▓▓▓▓▓▓▓▓▓▓▓▓▓▓▓▓▓▓▓▓
.C.(.'.......c.cC......▓
▓▓▓▓▓▓▓▓▓▓▓▓▓▓▓▓▓▓▓▓▓▓.▓
................@..C.c.▓
♣♣♣♣♣♣♣♣▓▓▓▓▓▓▓▓▓▓▓▓▓▓▓▓
......%)...............▓
♣♣♣♣♣♣♣♣▓▓▓▓▓▓▓▓▓▓▓▓▓▓.▓
.......................▓
▓▓▓▓▓▓▓▓▓▓▓▓▓▓▓▓▓▓▓▓▓▓▓▓
)))))))).=...'.........▓
▓▓▓▓▓▓▓▓▓▓▓▓▓▓▓▓▓▓▓▓▓▓.▓
..)......÷.............▓


You could see a fire giant and a yaktaur.

Vanquished Creatures
  Saint Roka (D)
  A lich (D)
  Gastronok (D)
  Maud (D)
  A frost giant (D)
  2 ghost moths (D)
  A stone giant (D)
  2 dire elephants (D)
  A merfolk javelineer (D)
  An ettin (D)
  A merfolk impaler (D)
  A fire dragon (D)
  A yaktaur captain (D)
  A naga warrior (D)
  A great orb of eyes (D)
  An entropy weaver (D)
  A rakshasa (D)
  2 hydras (D)
  A merfolk avatar (D)
  A merfolk aquamancer (D)
  A ghost crab (D)
  3 ogre magi (D)
  An alligator snapping turtle (D)
  2 centaur warriors (D)
  A vampire mage (D)
  A naga sharpshooter (D)
  2 shock serpents (D)
  An iron troll (D)
  2 sea snakes (D)
  An unseen horror (D)
  2 deep trolls (D)
  A spriggan druid (D)
  5 hill giants (D)
  A naga ritualist (D)
  A harpy (D)
  A wolf spider (D)
  An orc knight (D)
  An orb spider (D)
  An orc sorcerer (D)
  2 griffons (D)
  7 elephants (D)
  A moth of wrath (D)
  3 black mambas (D)
  A naga mage (D)
  4 spiny frogs (D)
  Psyche (D)
  A komodo dragon (D)
  A demonic crawler (D)
  An efreet (D)
  8 trolls (D)
  A jumping spider (D)
  A slime creature (D)
  A bog body (D)
  A raiju (shapeshifter) (D)
  3 blink frogs (D)
  A water elemental (D)
  2 yaks (D)
  A redback (D)
  A basilisk (shapeshifter) (D)
  2 vampire mosquitoes (D)
  A naga (D)
  2 water moccasins (D)
  13 orc warriors (D)
  2 wasps (D)
  2 centaurs (D)
  3 crocodiles (D)
  2 giant frogs (D)
  A wight (D)
  A crimson imp (D)
  2 orc wizards (D)
  2 orc priests (D)
  A hound (D)
  An iguana (D)
  A worker ant (D)
  A river rat (D)
  An ooze (D)
  2 adder zombies (D)
  A dart slug (D)
  A giant gecko (D)
  11 orcs (D)
  A giant cockroach (D)
  A hobgoblin (D)
  A jackal skeleton (D)
  A kobold (D)
151 creatures vanquished.

Vanquished Creatures (others)
  A sky beast (D)
1 creature vanquished.

Grand Total: 152 creatures vanquished

Notes
Turn   | Place    | Note
--------------------------------------------------------------
     0 | D        | Kidiri the Gargoyle Fighter began the quest for the Orb.
     0 | D        | Reached XP level 1. HP: 14/14 MP: 1/1
    12 | D        | Reached skill level 1 in Dodging
    14 | D        | Reached XP level 2. HP: 19/20 MP: 2/2
    70 | D        | Noticed a crimson imp
    87 | D        | Killed a crimson imp
    87 | D        | Reached skill level 5 in Shields
    87 | D        | Reached XP level 3. HP: 14/25 MP: 3/3
   119 | D        | Reached skill level 5 in Fighting
   119 | D        | Reached skill level 5 in Armour
   119 | D        | Reached XP level 4. HP: 15/31 MP: 4/4
   129 | D        | Found a glowing silver altar of Zin.
   129 | D        | Found a glowing golden altar of the Shining One.
   129 | D        | Found an ancient bone altar of Kikubaaqudgha.
   129 | D        | Found a basalt altar of Yredelemnul.
   129 | D        | Found a shimmering altar of Xom.
   129 | D        | Found a radiant altar of Vehumet.
   130 | D        | Found an iron altar of Okawaru.
   131 | D        | Found a burning altar of Makhleb.
   132 | D        | Found a deep blue altar of Sif Muna.
   133 | D        | Found a bloodstained altar of Trog.
   134 | D        | Found a sparkling altar of Nemelex Xobeh.
   135 | D        | Found a white marble altar of Elyvilon.
   136 | D        | Found a roughly hewn altar of Beogh.
   137 | D        | Found a viscous altar of Jiyva.
   138 | D        | Became a worshipper of Warmaster Okawaru
   139 | D        | Found a corrupted altar of Lugonu.
   140 | D        | Found a blossoming altar of Fedhas.
   141 | D        | Found a snail-covered altar of Cheibriados.
   142 | D        | Found a shadowy altar of Dithmenos.
   143 | D        | Found a stormy altar of Qazlal.
   144 | D        | Found an opulent altar of Gozag.
   145 | D        | Found a sacrificial altar of Ru.
   146 | D        | Found an oddly glowing altar of Pakellas.
   274 | D        | Noticed a hill giant
   274 | D        | Noticed a centaur
   274 | D        | Noticed a hill giant
   274 | D        | Noticed a yak
   283 | D        | Killed a yak
   283 | D        | Reached * piety under Okawaru
   283 | D        | Reached XP level 5. HP: 30/37 MP: 4/6
   283 | D        | Reached XP level 6. HP: 34/42 MP: 4/7
   286 | D        | Killed a hill giant
   286 | D        | Reached ** piety under Okawaru
   286 | D        | Reached skill level 5 in Dodging
   286 | D        | Reached XP level 7. HP: 49/49 MP: 4/10
   291 | D        | Killed a hill giant
   291 | D        | Reached *** piety under Okawaru
   291 | D        | Received a gift from Okawaru
   291 | D        | Reached skill level 5 in Invocations
   291 | D        | Reached XP level 8. HP: 18/56 MP: 4/11
   293 | D        | Received a gift from Okawaru
   531 | D        | Noticed a yak
   531 | D        | Noticed a centaur warrior
   531 | D        | Noticed a troll
   531 | D        | Noticed a centaur warrior
   540 | D        | Killed a centaur warrior
   540 | D        | Reached **** piety under Okawaru
   540 | D        | Reached XP level 9. HP: 61/62 MP: 10/13
   542 | D        | Reached skill level 10 in Shields
   548 | D        | Killed a troll
   548 | D        | Reached ***** piety under Okawaru
   548 | D        | Reached skill level 10 in Fighting
   548 | D        | Reached skill level 5 in Throwing
   548 | D        | Reached skill level 10 in Armour
   556 | D        | Killed a centaur warrior
   716 | D        | Noticed a komodo dragon
   721 | D        | Reached XP level 10. HP: 68/68 MP: 6/14
   839 | D        | Noticed a spiny frog
   839 | D        | Noticed a griffon
   839 | D        | Noticed a four-headed hydra
   839 | D        | Noticed a griffon
   839 | D        | Noticed a black mamba
   846 | D        | Killed a black mamba
   846 | D        | Received a gift from Okawaru
   857 | D        | Killed a griffon
   857 | D        | Reached skill level 10 in Maces & Flails
   863 | D        | Killed a four-headed hydra
   864 | D        | Noticed an elephant
   869 | D        | Killed a griffon
   874 | D        | Killed a spiny frog
   882 | D        | Reached XP level 11. HP: 69/76 MP: 10/16
   929 | D        | Noticed a dire elephant
   929 | D        | Noticed a dire elephant
   932 | D        | Drew Focus: Str increased to 23, Dex decreased to 8
   948 | D        | Killed a dire elephant
   964 | D        | Killed a dire elephant
   990 | D        | Reached skill level 10 in Dodging
  1028 | D        | Received a gift from Okawaru
  1400 | D        | Noticed Gastronok
  1421 | D        | Killed Gastronok
  1421 | D        | Received a gift from Okawaru
  1421 | D        | Received a gift from Okawaru
  1947 | D        | Noticed an orc sorcerer
  1967 | D        | Killed an orc sorcerer
  1970 | D        | Reached XP level 12. HP: 76/84 MP: 11/18
  2215 | D        | Found Acoqippa's Food Boutique.
  2215 | D        | Noticed an ogre mage
  2217 | D        | Noticed an ogre mage
  2219 | D        | Killed an ogre mage
  2242 | D        | Noticed an iron troll
  2248 | D        | Killed an ogre mage
  2270 | D        | Killed an iron troll
  2279 | D        | Found Ywuak's Distillery.
  2283 | D        | Found Osucoic's Food Boutique.
  2287 | D        | Found Hiunuoj's Distillery.
  2290 | D        | Noticed an ogre mage
  2297 | D        | Reached skill level 10 in Invocations
  2304 | D        | Killed an ogre mage
  2322 | D        | Received a gift from Okawaru
  2511 | D        | Noticed Psyche
  2520 | D        | Killed Psyche
  2742 | D        | Noticed a five-headed hydra
  2750 | D        | Noticed a rakshasa
  2758 | D        | Received a gift from Okawaru
  2766 | D        | Killed a five-headed hydra
  2766 | D        | Reached skill level 15 in Shields
  2771 | D        | Noticed an ettin
  2772 | D        | Noticed a vampire mage
  2778 | D        | Noticed a fire dragon
  2781 | D        | Killed a rakshasa
  2781 | D        | Reached skill level 15 in Fighting
  2781 | D        | Reached skill level 15 in Armour
  2781 | D        | Reached XP level 13. HP: 92/92 MP: 15/20
  2787 | D        | Noticed a frost giant
  2794 | D        | Noticed a stone giant
  2805 | D        | Killed an ettin
  2827 | D        | Killed a fire dragon
  2846 | D        | HP: 3/92 [frost giant/battleaxe of freezing (4)]
  2850 | D        | Killed a frost giant
  2850 | D        | Received a gift from Okawaru
  2851 | D        | HP: 2/92 [stone giant (15)]
  3037 | D        | Killed a stone giant
  3245 | D        | Noticed Maud
  3279 | D        | Killed Maud
  3469 | D        | Noticed an entropy weaver
  3469 | D        | Noticed a ghost moth
  3477 | D        | Noticed a ghost moth
  3483 | D        | Killed a ghost moth
  3525 | D        | Killed an entropy weaver
  3554 | D        | Reached skill level 10 in Throwing
  3565 | D        | Killed a ghost moth
  3593 | D        | Gained mutation: You have supernaturally acute eyesight. [mutagenic meat]
  3594 | D        | Gained mutation: You are frail (-10% HP). [mutagenic meat]
  3595 | D        | Gained mutation: You have an increased reservoir of magic (+10% MP). [mutagenic meat]
  3596 | D        | Gained mutation: You tend to lose your temper in combat. [mutagenic meat]
  3597 | D        | Gained mutation: You are surrounded by a mild repulsion field (EV +2). [mutagenic meat]
  3735 | D        | Reached skill level 15 in Maces & Flails
  3740 | D        | Gained mutation: Your large and strong wings let you fly indefinitely. [Gargoyle growth]
  3740 | D        | Reached XP level 14. HP: 90/90 MP: 21/25
  3783 | D        | Received a gift from Okawaru
  4117 | D        | Noticed Saint Roka
  4151 | D        | Killed Saint Roka
  4151 | D        | Received a gift from Okawaru
  4428 | D        | Noticed a fire giant
  4428 | D        | Noticed a lich
  4449 | D        | Killed a lich
  4500 | D        | Killed from afar by a fire giant

Vault maps used:
D:        linesprint

Skill      XL: |  1  2  3  4  5  6  7  8  9 10 11 12 13 14 |
---------------+-------------------------------------------+-----
Dodging        | 1 2 4 5 6 7 8 9 10 11 13 14 | 14.1
Shields        | 4 5 6 8 9 10 12 13 15 16 17 | 17.9
Fighting       | 4 5 6 8 9 10 12 13 15 16 17 | 17.9
Armour         | 4 5 6 8 9 10 12 13 15 16 17 | 17.8
Maces & Flails | 3 4 6 7 8 9 10 12 13 15 16 | 16.2
Throwing       | 2 3 4 5 6 7 8 10 11 | 11.2
Invocations    | 2 4 5 6 7 9 10 11 12 | 12.0

Action                   |  1- 3 |  4- 6 |  7- 9 | 10-12 | 13-15 || total
-------------------------+-------+-------+-------+-------+-------++-------
Melee: Flail             |    62 |       |    30 |   371 |   449 ||   912
       Morningstar       |       |    10 |     8 |       |       ||    18
Throw: Tomahawk          |       |       |       |    12 |     7 ||    19
       Javelin           |       |       |       |    15 |       ||    15
Invok: Heroism           |       |       |     3 |     8 |    10 ||    21
       Finesse           |       |       |     2 |     8 |     9 ||    19
Evoke: Deck              |       |       |       |     6 |     1 ||     7
       Wand              |       |       |       |     1 |       ||     1
  Use: Potion            |     1 |     2 |       |     1 |     6 ||    10
       Scroll            |       |       |     4 |       |     2 ||     6
  Eat: Chunk             |       |       |     1 |     2 |    11 ||    14
       Fruit             |       |       |       |    12 |       ||    12
Armor: Scale mail        |    25 |     1 |     5 |    12 |       ||    43
       Chain mail        |       |       |       |    57 |       ||    57
       Plate armour      |       |       |       |     8 |    60 ||    68
Dodge: Dodged            |    16 |     5 |    11 |    58 |    50 ||   140
Block: Shield            |    26 |     4 |    18 |   132 |       ||   180
       Large shield      |       |       |       |    13 |   236 ||   249
